 Dungeon Crawl Stone Soup version 0.30-a0-772-g5528072125 (webtiles) character file.

Game seed: 1839694893633446502

1020 Crownlay the Digger (level 8, 0/41 HPs)
             Began as a Gargoyle Earth Elementalist on Feb 12, 2023.
             Was a Follower of Vehumet.
             Killed from afar by Blork the orc (2 damage)
             ... with a puff of flame
             ... on level 5 of the Dungeon.
             The game lasted 00:05:44 (4200 turns).

Crownlay the Digger (Gargoyle Earth Elementalist)   Turns: 4200, Time: 00:05:44

Health: 0/41       AC: 11    Str: 12    XL:     8   Next: 22%
Magic:  18/18      EV: 11    Int: 18    God:    Vehumet [*.....]
Gold:   95         SH:  0    Dex: 10    Spells: 17/21 levels left

rFire   + + .      SeeInvis .    n - +0 glaive
rCold   + + .      Faith    .    (shield currently unavailable)
rNeg    + . .      Spirit   .    a - +0 robe
rPois   ∞          Reflect  .    (no helmet)
rElec   +          Harm     .    q - scarf {rC+ rF+}
rCorr   +          Rampage  .    (no gloves)
Will    .....                    (no boots)
Stlth   ++                       (no amulet)
HPRegen 0.26/turn                e - +4 ring of protection
MPRegen 0.16/turn                (no ring)

@: about to teleport, resistant, hasted, very quick
A: sickness immunity, AC +5, negative energy resistance 1, electricity
resistance, torment resistance 1, petrification resistance
a: Renounce Religion


You were on level 5 of the Dungeon.
You worshipped Vehumet.
Vehumet was aware of your devotion.
You visited 1 branch of the dungeon, and saw 6 of its levels.

You collected 95 gold pieces.

Inventory:

Hand Weapons
 n - a +0 glaive (weapon)
Armour
 a - a +0 robe (worn)
 q - a scarf of resistance (worn)
Jewellery
 e - a +4 ring of protection (left hand)
 t - a ring of ice
 y - the ring of Makhleb's Delight {Drain rElec rF- rCorr Str+5}
   (You found it on level 5 of the Dungeon)

   [ring of resist corrosion]

   Str:       It affects your strength (+5).
   rF:        It makes you vulnerable to fire.
   rElec:     It insulates you from electricity.
   rCorr:     It protects you from acid and corrosion.
   Drain:     It drains your maximum health when unequipped.
Wands
 w - a wand of flame (10)
Scrolls
 c - 2 scrolls of noise {unknown}
 f - a scroll of fog {unknown}
 i - a scroll of teleportation
 j - a scroll of enchant armour {unknown}
 k - 2 scrolls of torment {unknown}
 l - 2 scrolls of magic mapping {unknown}
 p - a scroll of immolation {unknown}
 r - a scroll of fear {unknown}
 s - 2 scrolls of identify
 x - 3 scrolls of amnesia
Potions
 d - a potion of lignification
 g - a potion of resistance
 o - a potion of ambrosia {unknown}
 u - a potion of degeneration {unknown}
 v - a potion of flight {unknown}
 z - a potion of curing {unknown}


   Skills:
 - Level 1.5 Dodging
 - Level 2.1 Stealth
 * Level 7.0 Spellcasting
 + Level 1.4 Necromancy
 - Level 0.7 Transmutations
 + Level 7.2 Earth Magic


You had 17 spell levels left.
You knew the following spells:

 Your Spells              Type           Power      Damage    Failure   Level
a - Sandblast             Erth           64%        2d14      1%          1
b - Stone Arrow           Conj/Erth      38%        3d9       8%          3

Your spell library contained the following spells:

 Spells                   Type           Power      Damage    Failure   Level
 Kiss of Death            Conj/Necr      36%        2d8       8%          1
 Passwall                 Tmut/Erth      16%        N/A       3%          2
 Petrify                  Tmut/Erth      20%        N/A       22%         4
 Ignite Poison            Fire/Tmut/Pois 7%         N/A       28%         3
 Inner Flame              Hex/Fire       6%         N/A       32%         3
 Flame Wave               Conj/Fire      6%         2d5       71%         4
 Sticky Flame             Conj/Fire      6%         2d3       71%         4
 Ignition                 Fire           3%         3d4       100%        8


Dungeon Overview and Level Annotations

Branches:
Dungeon (6/15)
 Temple: D:4-7

Altars:
Ashenzari
Fedhas
Kikubaaqudgha
Vehumet
Xom

Annotations:
D:5 Blork the orc, Pikel


Innate Abilities, Weirdness & Mutations

You are immune to sickness and miasma.
Your stone body is resilient. (AC +5)
You are immune to poison.
You resist negative energy. (rN+)
You are resistant to electric shocks. (rElec)
You are resistant to unholy torment.
You are immune to petrification.


Message History

The iguana bites you!
You slash the ogre!
You kill the ogre!
Vehumet accepts your kill.
The iguana bites you but does no damage.
Pikel says, "You'll make a fine lemure."
Blork the orc miscasts a cantrip.
The iguana bites you.
Your Spellcasting skill increases to level 7!
You cannot move.
You slash the iguana!
You kill the iguana!
Vehumet accepts your kill. Blork the orc barely misses you.
The orc priest invokes the aid of Beogh against you.
Beogh smites you!
* * * LOW HITPOINT WARNING * * *
Blork the orc hits you but does no damage.
Okay, then.
Okay, then.
It was a potion of haste.
You feel yourself speed up.
You feel less wooden.
Your scarf of resistance unmelds from your body.
Your +0 robe unmelds from your body.
You feel resistant to extremes of temperature.
Blork the orc closely misses you.
As you read the scroll of teleportation, it crumbles to dust.
You feel strangely unstable.
Blork the orc hits you with a +0 hand axe of freezing.
* * * LOW HITPOINT WARNING * * *
Items here: ))))) ††.
Blork the orc gestures at you while chanting.
The magic dart hits you.
* * * LOW HITPOINT WARNING * * *
Things that are here:
a +0 flail; a gnoll corpse
Okay, then.
Blork the orc casts a spell at you. The puff of flame hits you. You resist.
You die...

....oho......#######
###.o55.#####
#o5Oo.# ###5### #K#
#o# #)# #)# #@#
........# #########


You could see Pikel, Blork the orc (fast), an ogre, 4 lemures and 2 orcs.

Vanquished Creatures
  Grinder (D:4)
  An ogre (D:5)
  The ghost of Athor the Conjurer, an amateur DECj (D:3)
  3 scorpions (D:4)
  A hound (D:5)
  A jelly (D:4)
  2 gnoll boudas
  3 iguanas (D:5)
  An orc wizard (D:3)
  11 gnolls
  9 adders
  2 worms (D:2)
  A dart slug (D:1)
  8 orcs
  10 ball pythons
  8 endoplasms
  4 giant cockroaches
  7 goblins
  11 hobgoblins
  5 jackals
  5 quokkas
  2 bats (D:2)
  4 frilled lizards
  14 kobolds
  5 rats
120 creatures vanquished.

Vanquished Creatures (others)
  An orc wizard (D:5)
  An orc (D:4)
  A giant cockroach (D:4)
  A hobgoblin (D:4)
4 creatures vanquished.

Grand Total: 124 creatures vanquished

Notes
Turn   | Place    | Note
-------+----------+-------------------------------------------
     0 | D:1      | Crownlay the Gargoyle Earth Elementalist began the quest
                  | for the Orb.
     0 | D:1      | Reached XP level 1. HP: 10/10 MP: 3/3
   227 | D:1      | Reached XP level 2. HP: 15/15 MP: 0/5
   836 | D:1      | Reached XP level 3. HP: 15/19 MP: 5/7
  1391 | D:2      | Reached XP level 4. HP: 24/24 MP: 7/9
  2088 | D:3      | Found a broken altar of Ashenzari.
  2208 | D:3      | Found a runed translucent door.
  2208 | D:3      | Noticed Athor's ghost (amateur DECj)
  2224 | D:3      | Reached XP level 5. HP: 17/28 MP: 1/11
  2746 | D:3      | Learned a level 3 spell: Stone Arrow
  2834 | D:3      | Found a radiant altar of Vehumet.
  2844 | D:3      | Became a worshipper of Vehumet
  2922 | D:3      | Reached skill level 5 in Earth Magic
  3144 | D:3      | Found an ancient bone altar of Kikubaaqudgha.
  3295 | D:3      | Killed Athor's ghost
  3296 | D:3      | Reached XP level 6. HP: 19/32 MP: 5/13
  3401 | D:4      | Reached skill level 5 in Spellcasting
  3536 | D:4      | Found a shimmering altar of Xom.
  3560 | D:4      | Noticed Grinder
  3679 | D:4      | Killed Grinder
  3680 | D:4      | Reached XP level 7. HP: 28/36 MP: 9/16
  3841 | D:4      | Reached * piety under Vehumet
  3841 | D:4      | Offered knowledge of Kiss of Death by Vehumet.
  3943 | D:4      | Found a blossoming altar of Fedhas.
  4125 | D:4      | You fall into a shaft and drop 2 floors!
  4131 | D:5      | Entered Level 5 of the Dungeon
  4140 | D:5      | Identified the ring of Makhleb's Delight {Drain rElec rF-
                  | rCorr Str+5}
  4154 | D:5      | Reached XP level 8. HP: 33/41 MP: 6/18
  4158 | D:5      | Reached skill level 1 in Necromancy
  4166 | D:5      | Noticed Blork the orc
  4170 | D:5      | Noticed Pikel
  4199 | D:5      | HP: 1/41 [Blork the orc/magic dart (3)]
  4200 | D:5      | Killed from afar by Blork the orc

Illustrated notes

Levels and vault maps discovered:
D:1:      elethiomel_arrival_infinity_welcomes_careful_drivers,
          layout_loops_corners
D:2:      layout_basic
D:3:      layout_loops_ring, lemuel_crystal_altar, marbit_many_paths,
          overflow_temple_1_default, serial_rivers,
          chequers_serial_rivers_small_b, chequers_serial_rivers_micro_d,
          chequers_serial_rivers_large_b, chequers_serial_rivers_micro_b,
          chequers_serial_rivers_small_a, chequers_serial_rivers_micro_d,
          hellmonk_ghost_happy_afterlife, grunt_decor_fettered
D:4:      layout_rooms, lemuel_doored_altar, xom_confusion_cloud,
          minmay_overflow_temple_star_quad, uniq_grinder
D:5:      layout_loops_ring, ebering_ghost_inner_flame, uniq_blork_the_orc,
          uniq_pikel
D:6:      layout_loops_ring, trog_ov_bears_minmay, bloody_makhleb,
          minmay_temple_entry_wispy, serial_shops, nicolae_shop_behind_doors,
          amcnicky_mini_pool_small, minmay_mini_ossuary, uniq_prince_ribbit1

Skill      XL: |  1  2  3  4  5  6  7  8 |
---------------+-------------------------+-----
Earth Magic    | 4 5 6 7 |  7.2
Spellcasting   | 3 4 6 7 |  7.0
Necromancy     | 1 |  1.4
Dodging        | |  1.5
Stealth        | |  2.1
Transmutations | |  0.7

Action                     |  1- 3 |  4- 6 |  7- 9 || total
---------------------------+-------+-------+-------++-------
  Melee: Unarmed           |    10 |       |       ||    10
         Punch             |     1 |       |       ||     1
         Glaive            |       |    15 |    25 ||    40
   Cast: Sandblast         |    41 |   107 |    40 ||   188
    Use: Scroll            |       |     3 |     3 ||     6
         Potion            |       |       |     7 ||     7
   Stab: Sleeping          |       |     1 |       ||     1
         Invisible         |       |       |     1 ||     1
 Armour: Robe              |     5 |    23 |    15 ||    43
         Skin              |       |       |    66 ||    66
  Dodge: Dodged            |    14 |    47 |    22 ||    83

Table legend: (Time is in decaauts)
 A = Elapsed time spent in this place.
 B = Non-inter-level travel time spent in this place.
 C = Inter-level travel time spent in this place.
 D = Time resting spent in this place.
 E = Time spent auto-exploring this place.
 F = Levels seen in this place.
 G = Mean time per level.
                   A        B        C        D        E       F      G
               +--------+--------+--------+--------+--------+-----+--------+
         Total |   4352 |   4271 |     81 |      0 |   3571 |   6 |  725.3 |
       Dungeon |   4352 |   4271 |     81 |      0 |   3571 |   6 |  725.3 |
               +--------+--------+--------+--------+--------+-----+--------+

Top non-repeatable levels by time:
     D:3: 1501 daAuts
     D:1: 1265 daAuts
     D:2: 777 daAuts
     D:4: 709 daAuts
     D:5: 93 daAuts
     D:6: 5 daAuts
